Map: Coda - ladder

Players

Aclick

  • Race: Zerg Zerg
  • League: Diamond
  • Spawn Location: 11:00

Recruiter - Winner!

  • Race: Terran Terran
  • League: Diamond
  • Spawn Location: 5:00

VOD

Have the link to the VOD?

Description

Time

  • Played on: Feb. 23, 2017, 12:54 p.m.
  • Length: 28:25
Show
View Real Time Build Order
Export as new Build Order

Aclick Zerg 

Build Orders: Hatch First, Muta Ling Bane 

Get SALT Encoding   

  12  0:01  Drone  
  13  0:13  Overlord  
  13  0:18  Drone  
  14  0:31  Drone x2  
  17  0:35  Drone  
  17  0:56  Hatchery  
  16  0:59  Drone  
  17  1:08  Drone  
  17  1:09  Extractor  
  17  1:26  Extractor  
  17  1:27  Spawning Pool, Drone  
  17  1:30  Drone  
  17  1:36  Drone  
  18  1:42  Drone  
  19  1:52  Overlord  
  19  2:14  Queen, Zergling x4  
  19  2:15  Zergling x2  
  24  2:18  Queen  
  26  2:41  Metabolic Boost  
  26  2:43  Drone x3  
  26  2:44  Drone  
  30  2:47  Drone  
  30  2:48  Drone  
  32  2:58  Overlord  
  32  3:12  Pneumatized Carapace  
  32  3:15  Drone x3  
  32  3:17  Drone  
  36  3:23  Queen  
  36  3:25  Overlord  
  38  3:28  Drone  
  38  3:32  Evolution Chamber  
  38  3:41  Drone x4  
  38  3:42  Drone  
  38  3:43  Drone  
  43  3:50  Zergling x2  
  43  3:53  Zergling x4  
  45  4:00  Zergling x2  
  45  4:08  Zerg Melee Weapons Level 1  
  45  4:19  Hatchery  
  44  4:27  Overlord, Drone x2  
  44  4:28  Extractor  
  44  4:29  Zergling x2  
  44  4:30  Zergling x4  
  48  4:40  Drone x3  
  48  4:42  Overlord  
  51  4:46  Zergling x2  
  52  4:59  Lair  
  52  5:03  Drone  
  52  5:04  Zergling x8  
  52  5:05  Zergling x2  
  58  5:07  Hatchery  
  58  5:11  Zergling x8  
  58  5:13  Spore Crawler  
  60  5:15  Spore Crawler  
  60  5:18  Drone  
  60  5:19  Baneling Nest  
  59  5:25  Zergling x8  
  59  5:35  Drone  
  59  6:03  Extractor, Drone  
  59  6:04  Zerg Ground Armor Level 1  
  59  6:05  Drone x3  
  59  6:07  Drone x2, Spore Crawler  
  59  6:08  Extractor, Drone x3, Centrifical Hooks  
  59  6:10  Drone x4  
  69  6:31  Burrow  
  69  6:35  Drone  
  69  6:38  Drone x9  
  69  6:39  Overlord x4  
  79  6:42  Baneling  
  79  6:43  Baneling x3  
  79  6:44  Overseer  
  77  7:11  Drone x2  
  77  7:12  Spire, Infestation Pit  
  77  7:13  Drone x2  
  77  7:15  Spine Crawler x2  
  78  7:20  Drone x2  
  78  7:21  Drone x3  
  82  7:23  Extractor, Drone  
  82  7:24  Extractor  
  82  7:28  Drone x3  
  82  7:29  Drone x3  
  87  7:31  Zergling x4  
  87  7:33  Baneling x3  
  87  7:34  Baneling  
  89  7:39  Hatchery  
  87  7:55  Overlord x2  
  87  7:58  Zergling x26  
  100  8:06  Zergling x2  
  100  8:09  Hive  
  100  8:11  Zergling x12  
  106  8:21  Baneling x4  
  106  8:22  Zergling x2, Baneling x2  
  106  8:23  Zergling x6  
  106  8:26  Zergling x6  
  113  8:33  Zergling x4  
  113  8:34  Zergling x2  
  109  8:41  Zergling x16  
  91  8:47  Zergling x2, Baneling x3  
  91  8:48  Zergling x4  
  93  8:59  Zergling x12  
  97  9:08  Zergling x6  
  86  9:12  Zergling x6  
  85  9:25  Drone  
  85  9:26  Drone x6  
  85  9:27  Zerg Melee Weapons Level 2  
  92  9:32  Evolution Chamber  
  92  9:36  Ultralisk Cavern  
  90  9:49  Overseer  
  90  9:51  Overseer  
  83  9:54  Hatchery  
  83  9:57  Spore Crawler  
  83  9:58  Mutalisk x2  
  83  9:59  Mutalisk x6  
  83  10:19  Zerg Ground Armor Level 2  
  83  10:35  Chitinous Plating  
  81  10:41  Zergling x2  
  81  10:42  Zergling x30  
  89  10:49  Drone x4  
  89  11:00  Zergling x2  
  89  11:01  Zergling x6  
  89  11:03  Baneling  
  93  11:04  Baneling x5  
  93  11:08  Zergling x8  
  93  11:09  Zergling x2  
  98  11:12  Baneling x3  
  95  11:24  Zergling x14  
  95  11:25  Zergling x4  
  97  11:54  Corruptor x4  
  97  11:55  Corruptor x2  
  97  12:01  Overlord x2  
  109  12:13  Baneling  
  109  12:14  Baneling x3  
  109  12:19  Zergling x2  
  109  12:20  Zergling x12  
  116  12:44  Overlord x2  
  116  12:49  Baneling x5  
  116  13:05  Overlord x2  
  116  13:08  Zergling x2  
  116  13:09  Zergling x2  
  118  13:24  Ultralisk x2  
  128  13:39  Overseer  
  128  13:41  Overlord x3  
  128  13:55  Overlord x2  
  128  13:56  Overlord  
  128  14:01  Ultralisk x3  
  146  14:06  Drone x2  
  146  14:07  Drone x2  
  143  14:33  Ultralisk x4  
  131  14:57  Extractor  
  131  14:58  Extractor  
  130  15:07  Drone x2  
  130  15:08  Drone x2  
  130  15:09  Drone x4  
  130  15:10  Drone x10  
  130  15:11  Drone  
  148  15:14  Greater Spire  
  147  15:24  Queen  
  149  15:48  Zergling x10  
  149  15:49  Zergling x4  
  152  15:50  Baneling x2  
  152  15:59  Zerg Ground Armor Level 3  
  152  16:00  Overseer  
  152  16:01  Zerg Melee Weapons Level 3  
  152  16:04  Zergling x4  
  152  16:05  Zergling x14  
  152  16:06  Zergling x12  
  152  16:08  Baneling x2  
  152  16:10  Baneling x3  
  142  16:50  Hatchery, Drone x5  
  142  16:51  Drone x4  
  137  16:54  Drone x3  
  137  16:58  Baneling  
  127  17:03  Brood Lord x6  
  127  17:04  Corruptor x3  
  127  17:07  Zergling x8  
  149  17:21  Queen  
  151  17:23  Zergling x16  
  151  17:25  Overseer  
  96  18:02  Zergling x28  
  96  18:03  Zergling x8  
  109  18:11  Zergling x2  
  109  18:12  Zergling x4  
  93  18:18  Zergling x4  
  89  18:22  Baneling x3  
  89  18:26  Baneling x3  
  83  18:35  Baneling  
  83  18:36  Baneling x2  
  78  18:56  Mutalisk  
  78  18:57  Mutalisk x8  
  78  18:58  Mutalisk x3  
  99  19:11  Ultralisk x2  
  111  19:22  Baneling x4  
  107  19:37  Hatchery  
  106  19:50  Ultralisk  
  106  19:52  Zergling x8  
  116  19:58  Drone  
  116  20:11  Pathogen Glands  
  116  20:13  Drone x4  
  116  20:14  Drone x9  
  92  21:17  Zergling x2  
  92  21:18  Zergling x34  
  86  21:28  Zergling x6  
  86  21:29  Zergling x6  
  92  21:34  Baneling x2  
  92  21:35  Zergling x2  
  87  21:43  Drone x3  
  80  21:51  Brood Lord  
  80  21:52  Brood Lord  
  80  22:02  Zergling x12  
  74  22:16  Drone x18  
  74  22:33  Baneling  
  74  22:34  Baneling x4  
  74  22:38  Hatchery  
  73  22:58  Hatchery  
  73  23:03  Zergling x2  
  73  23:04  Zergling x20  
  79  23:15  Zergling x14  
  84  23:26  Baneling x4  
  84  23:27  Baneling x5  
  51  23:56  Zergling x18  
  45  24:10  Baneling x2  
Show
View Real Time Build Order
Export as new Build Order

Recruiter Terran - Winner!

Build Orders: Reaper Expand 

Get SALT Encoding   

  12  0:00  SCV  
  13  0:13  SCV  
  14  0:18  Supply Depot  
  14  0:25  SCV  
  15  0:40  SCV  
  15  0:42  Barracks  
  16  0:46  Refinery  
  16  0:52  SCV  
  17  1:04  SCV  
  18  1:16  SCV  
  19  1:30  Orbital Command, Reaper  
  20  1:48  Command Center  
  20  2:00  Supply Depot  
  20  2:02  Marine  
  20  2:04  SCV  
  22  2:16  SCV  
  22  2:19  Factory  
  22  2:21  Marine  
  24  2:28  SCV  
  25  2:44  Marine  
  25  2:46  SCV  
  27  2:56  Bunker  
  27  2:59  SCV  
  27  3:02  Orbital Command  
  28  3:07  Refinery  
  28  3:08  Widow Mine  
  28  3:10  Starport  
  28  3:11  SCV, Marine  
  32  3:24  SCV  
  34  3:34  SCV  
  34  3:36  SCV  
  34  3:39  Widow Mine  
  37  3:46  SCV, Barracks Reactor  
  37  3:48  SCV  
  39  3:53  Supply Depot  
  39  3:58  SCV  
  39  4:00  SCV  
  39  4:02  Medivac  
  43  4:05  Barracks  
  43  4:09  Barracks  
  43  4:10  SCV  
  43  4:12  SCV  
  43  4:13  Factory Tech Lab  
  45  4:22  SCV  
  45  4:24  SCV, Supply Depot  
  45  4:25  Marine x2  
  48  4:34  Medivac, SCV  
  48  4:36  SCV  
  52  4:43  Marine  
  53  4:46  SCV  
  53  4:50  Supply Depot, Marine  
  55  4:54  Supply Depot  
  55  4:58  Engineering Bay  
  55  5:01  Barracks Reactor, Marine  
  55  5:03  SCV  
  57  5:08  Refinery  
  57  5:11  SCV  
  57  5:14  Widow Mine  
  58  5:15  SCV  
  58  5:18  Marine  
  58  5:19  Command Center, Marine  
  63  5:24  SCV  
  63  5:25  Refinery  
  62  5:31  Medivac  
  62  5:32  SCV  
  60  5:36  Marine  
  60  5:37  Marine  
  60  5:40  Stimpack  
  58  5:47  Widow Mine  
  58  5:50  SCV x2  
  60  5:59  Marauder, Marine x2  
  60  6:00  Terran Infantry Weapons Level 1  
  60  6:02  SCV  
  65  6:08  SCV  
  65  6:09  Marine x2  
  68  6:14  SCV  
  69  6:20  Marine x2  
  69  6:21  Starport Reactor  
  71  6:26  Engineering Bay  
  71  6:30  Marine x2  
  71  6:31  Marauder, Widow Mine  
  71  6:32  SCV x2  
  79  6:38  Marine  
  80  6:41  Marine  
  80  6:43  Missile Turret  
  80  6:44  SCV x2  
  83  6:48  Marine x2  
  83  6:52  Marauder  
  85  6:55  Marine  
  85  6:58  SCV x2  
  85  6:59  Marine  
  85  7:02  Missile Turret  
  84  7:10  SCV  
  84  7:13  Marauder  
  87  7:16  SCV x2  
  87  7:22  SCV  
  90  7:28  SCV  
  91  7:30  Orbital Command  
  91  7:31  Marine x2  
  91  7:35  Terran Infantry Armor Level 1  
  93  7:39  Supply Depot  
  93  7:44  Supply Depot x2  
  93  7:48  Liberator  
  93  8:00  SCV x2, Widow Mine, Marine x2  
  93  8:01  Armory, Marauder  
  93  8:04  Supply Depot, Marine x2  
  103  8:05  Viking  
  108  8:18  Marine x2  
  110  8:22  Marauder, Marine x2  
  114  8:28  Widow Mine  
  111  8:36  Marine x2  
  111  8:39  Marine x2  
  95  8:43  Marauder  
  94  8:53  Marine x2  
  96  8:57  Marine x2  
  98  9:05  Marauder  
  83  9:11  Marine x2  
  83  9:13  SCV x2  
  85  9:18  Marine  
  85  9:19  Marine  
  85  9:22  SCV  
  88  9:26  SCV x2, Marauder  
  88  9:29  Marine x2  
  88  9:30  Medivac  
  88  9:31  Medivac, Factory Reactor  
  98  9:34  SCV  
  98  9:36  Marine x2  
  98  9:38  SCV x2  
  103  9:46  SCV  
  103  9:47  Marauder, Marine x2  
  103  9:48  Barracks  
  103  9:49  Barracks  
  103  9:50  SCV x2  
  110  9:54  Marine x2  
  110  9:58  SCV  
  113  10:00  Medivac  
  113  10:02  SCV x2  
  113  10:05  Marine x2  
  119  10:09  Marauder  
  119  10:10  SCV  
  119  10:12  Marine x2  
  123  10:14  SCV x2  
  123  10:18  Widow Mine  
  127  10:22  Marine x2  
  127  10:23  Armory, SCV  
  127  10:26  SCV x2  
  132  10:30  Marauder  
  132  10:35  SCV, Marine x2  
  127  10:38  SCV  
  127  10:40  Barracks Reactor  
  124  10:44  Barracks Reactor  
  124  10:47  Missile Turret  
  124  10:49  Missile Turret  
  122  10:50  Missile Turret  
  122  10:52  Marauder  
  122  10:56  Marine x4  
  128  11:13  Marauder, Marine  
  128  11:14  Marine x2  
  133  11:21  Marine x3  
  127  11:31  Marine x2  
  127  11:32  Marine  
  130  11:33  Marine x2  
  130  11:35  Terran Infantry Weapons Level 2, Terran Infantry Armor Level 2  
  130  11:37  SCV  
  133  11:42  Refinery, Command Center  
  133  11:43  Refinery  
  133  11:44  SCV  
  133  11:53  SCV, Marine x2  
  133  12:21  Supply Depot x3  
  133  12:26  Liberator x2  
  133  12:31  Barracks  
  133  12:32  Barracks  
  133  12:33  Barracks  
  133  12:35  Missile Turret  
  133  12:38  Supply Depot  
  133  12:42  Widow Mine, Marine x5  
  133  12:43  SCV x3, Marauder, Marine x3  
  154  12:55  SCV x3  
  157  13:00  Marine x5  
  157  13:01  Marine x3  
  157  13:05  Marauder  
  167  13:08  Liberator  
  167  13:18  Marine x5  
  172  13:21  Starport  
  172  13:26  Marauder  
  177  13:34  Marine x3  
  177  13:37  Liberator  
  179  13:41  Barracks Reactor  
  179  13:42  Barracks Reactor  
  179  13:45  Marine x2  
  179  13:47  Barracks Reactor  
  180  13:51  Liberator, Supply Depot  
  180  13:52  Marine x6  
  180  13:53  Marauder  
  191  14:03  Marine x2  
  191  14:04  Terran Infantry Weapons Level 3, Terran Infantry Armor Level 3  
  196  14:10  Starport Reactor, Marine x4  
  196  14:16  Marauder, Marine  
  200  14:20  Marine x2  
  200  14:21  Marine  
  112  14:46  Liberator  
  112  14:48  Marine x12  
  112  14:49  Marine x3  
  109  15:02  Missile Turret  
  109  15:05  Marine  
  109  15:06  Planetary Fortress, Marine x14  
  127  15:16  Medivac x2  
  131  15:23  Marine  
  131  15:24  Marine x14  
  146  15:41  Marine  
  146  15:42  Marine x14  
  161  15:46  Medivac x2  
  163  15:59  Marine x4  
  163  16:00  Marine x5  
  172  16:07  Marine x2  
  172  16:08  Marauder  
  176  16:23  Marine  
  176  16:24  Marine x2  
  176  16:25  Marine  
  162  16:26  Marine x3  
  162  16:27  Marine x7  
  162  16:29  Marauder  
  168  16:41  Marine x2  
  168  16:42  Marine  
  168  16:43  Marine  
  168  16:44  Marine  
  155  16:48  Marine x2  
  155  16:49  Marine x2  
  155  16:50  Marauder  
  155  16:51  Medivac x4  
  154  16:59  Marine x2  
  154  17:00  Marine  
  154  17:01  Marine x4  
  152  17:07  Orbital Command  
  155  17:12  Marauder, Marine x3  
  160  17:16  Marine  
  160  17:20  Medivac  
  163  17:32  Marine x2  
  163  17:33  Marauder  
  162  17:51  Marine x2  
  156  17:55  Marauder  
  134  18:12  Marine x5  
  126  18:13  Marine x8  
  126  18:14  Marine  
  126  18:16  Marauder  
  136  18:22  Medivac x2  
  140  18:30  Marine x3  
  140  18:31  Marine x2  
  143  18:37  Marauder  
  143  18:40  Marine x3  
  145  18:45  Marine  
  145  18:52  Marine x5  
  145  18:53  Marine  
  119  18:59  Refinery, Marauder  
  115  19:04  SCV x2  
  117  19:13  Marine x3  
  117  19:14  Marine x8  
  128  19:20  Marauder  
  128  19:23  Marine x3  
  133  19:30  Liberator x2  
  133  19:31  Marine x5  
  130  19:32  Marine x2  
  130  19:34  Marine x2  
  130  19:35  Marine  
  140  19:42  Marauder  
  140  19:52  Marine x3  
  149  20:03  Marauder, Marine x4  
  155  20:10  Marine x2  
  155  20:11  Marine  
  158  20:23  Marine x6  
  158  20:24  Marauder  
  158  20:25  Marine x3  
  158  20:26  Widow Mine  
  171  20:32  Marine  
  148  20:46  Marauder  
  145  21:07  Marauder  
  145  21:10  Marine x2  
  145  21:11  Marine x6  
  101  21:15  Marine  
  101  21:16  Marine x5  
  102  21:28  Marauder, Marine x2  
  96  21:33  Marine x4  
  99  21:40  Marine  
  98  21:49  Marine x4  
  98  21:50  Marauder, Marine x2  
  106  21:58  Marine x3  
  99  22:10  Marine x4  
  99  22:11  Marauder  
  104  22:25  Marine x2  
  106  22:33  Marauder  
  93  23:02  Marine x7  
  93  23:03  Marauder  
  84  23:21  Orbital Command  
  84  23:23  Marine x2  
  84  23:24  Marauder  
  44  24:33  Orbital Command  
  31  26:17  SCV  
  30  26:29  SCV  
  30  26:32  Marine x3  
  34  26:34  Marine  
  34  26:35  Viking  
  37  26:59  Supply Depot  
  37  27:01  Supply Depot  
  34  27:53  Medivac, SCV  
  37  28:06  SCV  
Tags
 
Add a new tag
Caveats
  • Supply blocks, unpowered buildings, or Contaminate may cause inaccurate times.
  • Supply counts are checked every 10 seconds.